NCAA
INDIANA HOOSIERS @ TEXAS LONGHORNS
05/07/2024
 
TOP OF THE 1ST
Indiana Hoosiers batting - Pitching for Texas Longhorns : RHP Robby Marson
Pitching: RHP Robby Marson
Batting: LHB Arturo Álvarez 0-0: Ball
1-0: Bunt for hit - play at first, batter safe!
Batting: RHB Tom McCoy 0-0: Called Strike
0-1: Foul Ball, location: 2F
0-2: Strikes out swinging
Batting: LHB Randy Ortíz 0-0: Ball
1-0: Called Strike
1-1: Called Strike
1-2: Strikes out looking
Arturo Álvarez steals 2nd base
Batter strikes out.
Batting: RHB Gus Bryant 0-0: Called Strike
0-1: Called Strike
0-2: Ball
1-2: SINGLE (Flyball, 9LS)
Arturo Álvarez to third
Runner from 3rd tries for Home, SAFE, no throw or cutoff
Batting: RHB Stephen Concepción 0-0: Called Strike
0-1: Fly out, F9 (Flyball, 9M)
Top of the 1st over - 1 run(s), 2 hit(s), 0 error(s), 1 left on base; Indiana 1 - Texas 0
BOTTOM OF THE 1ST
Texas Longhorns batting - Pitching for Indiana Hoosiers : RHP Matt Stevenson
Pitching: RHP Matt Stevenson
Batting: RHB Jeff Blanton 0-0: Called Strike
0-1: SINGLE (Line Drive, 89S)
Batting: RHB Rich Henley 0-0: Ball
1-0: Foul Ball, location: 2F
1-1: Ball
2-1: Ball
3-1: Swinging Strike
3-2: Strikes out swinging
Batting: LHB Gabriel Ortíz 0-0: Called Strike
0-1: Called Strike
0-2: Ball
1-2: Ball
2-2: Ball
3-2: Foul Ball, location: 2F
3-2: Grounds into double play, U4-3 (Groundball, 4)
Bottom of the 1st over - 0 run(s), 1 hit(s), 0 error(s), 0 left on base; Indiana 1 - Texas 0
TOP OF THE 2ND
Indiana Hoosiers batting - Pitching for Texas Longhorns : RHP Robby Marson
Batting: RHB Wayne Carter 0-0: Ball
1-0: Ball
2-0: Called Strike
2-1: Called Strike
2-2: Foul Ball, location: 2F
2-2: Foul Ball, location: 2F
2-2: Ball
3-2: Foul Ball, location: 2F
3-2: Foul Ball, location: 2F
3-2: Foul Ball, location: 2F
3-2: Base on Balls
Batting: RHB Jaime Morán 0-0: Ball
1-0: Swinging Strike
1-1: Fielders Choice at 2nd, 6-4 (Groundball, 6)
Batting: LHB Dave Joyner 0-0: Ball
Jaime Morán is caught stealing 2nd base
1-0: Called Strike
1-1: Ground out 3-6 (Groundball, 3)
Top of the 2nd over - 0 run(s), 0 hit(s), 0 error(s), 0 left on base; Indiana 1 - Texas 0
BOTTOM OF THE 2ND
Texas Longhorns batting - Pitching for Indiana Hoosiers : RHP Matt Stevenson
Batting: LHB Ernesto López 0-0: Ball
1-0: Foul Ball, location: 2F
1-1: Foul Ball, location: 2F
1-2: Ball
2-2: SINGLE (Groundball, 34)
Batting: LHB Gerald Galloway 0-0: Called Strike
0-1: Ball
Ernesto López steals 2nd base
1-1: Foul Ball, location: 2F
1-2: SINGLE (Groundball, 34D)
Ernesto López to third
Throwing error, E9
Ernesto López scores
Gerald Galloway to second
Batting: LHB John Fitzgerald 0-0: Ball
1-0: Called Strike
1-1: Ball
2-1: Ground out U3 (Groundball, 3)
Gerald Galloway to third
Batting: SHB Ron Taylor 0-0: Called Strike
0-1: Swinging Strike
0-2: Ball
1-2: Strikes out swinging
Batting: RHB Eugene Salazar 0-0: Ball
1-0: Foul Ball, location: 2F
1-1: Foul Ball, location: 2F
1-2: Strikes out swinging
Bottom of the 2nd over - 1 run(s), 2 hit(s), 1 error(s), 1 left on base; Indiana 1 - Texas 1
TOP OF THE 3RD
Indiana Hoosiers batting - Pitching for Texas Longhorns : RHP Robby Marson
Batting: RHB Armando Bernard 0-0: Ball
1-0: Foul Ball, location: 2F
1-1: Called Strike
1-2: Strikes out swinging
Batting: LHB Arturo Álvarez 0-0: Called Strike
0-1: Foul Ball, location: 2F
0-2: Ball
1-2: Ball
2-2: Fly out, F6 (Popup, 6)
Batting: RHB Tom McCoy 0-0: Ball
1-0: Called Strike
1-1: Called Strike
1-2: Foul Ball, location: 2F
1-2: Ball
2-2: SINGLE (Groundball, 56D)
Batting: LHB Randy Ortíz 0-0: Ball
1-0: Ball
2-0: Foul Ball, location: 2F
2-1: Fielders Choice at 2nd, 6-4 (Groundball, 6)
Top of the 3rd over - 0 run(s), 1 hit(s), 0 error(s), 0 left on base; Indiana 1 - Texas 1
BOTTOM OF THE 3RD
Texas Longhorns batting - Pitching for Indiana Hoosiers : RHP Matt Stevenson
Batting: LHB Sam Haynes 0-0: Ball
1-0: SINGLE (Groundball, 13) (infield hit)
Batting: RHB Jeff Blanton 0-0: Foul Ball, location: 2F
0-1: Ball
1-1: Fly out, F6 (Popup, 6D)
Batting: RHB Rich Henley 0-0: Called Strike
0-1: Ball
1-1: Ball
2-1: SINGLE (Line Drive, 6)
Sam Haynes to second
Batting: LHB Gabriel Ortíz 0-0: Foul Ball, location: 2F
0-1: Ball
1-1: SINGLE (Groundball, 4)
Sam Haynes to third
Rich Henley to second
Batting: LHB Ernesto López 0-0: Ball
1-0: Fielders Choice at 2nd, 6-4 (Groundball, 6)
Sam Haynes scores
Rich Henley to third
Batting: LHB Gerald Galloway 0-0: Foul Ball, location: 2F
0-1: Ball
1-1: Foul Ball, location: 2F
1-2: Fly out, F8 (Flyball, 8RS)
Bottom of the 3rd over - 1 run(s), 3 hit(s), 0 error(s), 2 left on base; Indiana 1 - Texas 2
TOP OF THE 4TH
Indiana Hoosiers batting - Pitching for Texas Longhorns : RHP Robby Marson
Batting: RHB Gus Bryant 0-0: Called Strike
0-1: Ball
1-1: Foul Ball, location: 2F
1-2: Ball
2-2: Ball
3-2: Strikes out looking
Batting: RHB Stephen Concepción 0-0: Fly out, F7 (Flyball, 78S)
Batting: RHB Wayne Carter 0-0: Ball
1-0: Ground out 5-3 (Groundball, 5)
Top of the 4th over - 0 run(s), 0 hit(s), 0 error(s), 0 left on base; Indiana 1 - Texas 2
BOTTOM OF THE 4TH
Texas Longhorns batting - Pitching for Indiana Hoosiers : RHP Matt Stevenson
Batting: LHB John Fitzgerald 0-0: Ball
1-0: Called Strike
1-1: Ball
2-1: Swinging Strike
2-2: Strikes out swinging
Batting: SHB Ron Taylor 0-0: Called Strike
0-1: Ball
1-1: Foul Ball, location: 2F
1-2: Strikes out looking
Batting: RHB Eugene Salazar 0-0: Called Strike
0-1: SINGLE (Groundball, 4M)
Batting: LHB Sam Haynes 0-0: Ball
1-0: Fly out, F8 (Flyball, 8LM)
Bottom of the 4th over - 0 run(s), 1 hit(s), 0 error(s), 1 left on base; Indiana 1 - Texas 2
TOP OF THE 5TH
Indiana Hoosiers batting - Pitching for Texas Longhorns : RHP Robby Marson
Batting: RHB Jaime Morán 0-0: Ball
1-0: Foul Ball, location: 2F
1-1: Foul Ball, location: 2F
1-2: Foul Ball, location: 2F
1-2: Strikes out swinging
Batting: LHB Dave Joyner 0-0: Ground out 3-1 (Groundball, 34)
Batting: RHB Armando Bernard 0-0: Ground out 1-3 (Groundball, 23)
Top of the 5th over - 0 run(s), 0 hit(s), 0 error(s), 0 left on base; Indiana 1 - Texas 2
BOTTOM OF THE 5TH
Texas Longhorns batting - Pitching for Indiana Hoosiers : RHP Matt Stevenson
Batting: RHB Jeff Blanton 0-0: Called Strike
0-1: Fly out, F8 (Flyball, 8RM)
Batting: RHB Rich Henley 0-0: Ball
1-0: Ball
2-0: Ball
3-0: Called Strike
3-1: Base on Balls
Batting: LHB Gabriel Ortíz 0-0: Ball
1-0: Ball
2-0: Ball
3-0: Base on Balls
Rich Henley to second
Batting: LHB Ernesto López 0-0: 3-RUN HOME RUN (Line Drive, 9D), Distance : 361 ft
Batting: LHB Gerald Galloway 0-0: Foul Ball, location: 2F
0-1: Ball
1-1: Swinging Strike
1-2: Strikes out swinging
Batting: LHB John Fitzgerald 0-0: Ball
1-0: Called Strike
1-1: Fly out, F7 (Line Drive, 7M)
Bottom of the 5th over - 3 run(s), 1 hit(s), 0 error(s), 0 left on base; Indiana 1 - Texas 5
TOP OF THE 6TH
Indiana Hoosiers batting - Pitching for Texas Longhorns : RHP Robby Marson
Batting: LHB Arturo Álvarez 0-0: Called Strike
0-1: Ball
1-1: Ball
2-1: Ball
3-1: SINGLE (Line Drive, 89S)
Batting: RHB Tom McCoy 0-0: Called Strike
0-1: Foul Ball, location: 2F
0-2: Fly out, F6 (Popup, 6M)
Batting: LHB Randy Ortíz 0-0: Fly out, F7 (Flyball, 78M)
Batting: RHB Gus Bryant 0-0: Ball
1-0: SINGLE (Groundball, 4MD)
Arturo Álvarez to second
Batting: RHB Stephen Concepción 0-0: Ball
Balk!
Arturo Álvarez to third
Gus Bryant to second
1-0: Ball
Passed Ball!
Arturo Álvarez scores
Gus Bryant to third
2-0: Ball
3-0: Called Strike
3-1: Base on Balls
Pitching: RHP Thomas O'Connor
Batting: RHB Wayne Carter 0-0: Called Strike
0-1: Called Strike
0-2: Ball
1-2: Strikes out looking
Top of the 6th over - 1 run(s), 2 hit(s), 0 error(s), 2 left on base; Indiana 2 - Texas 5
BOTTOM OF THE 6TH
Texas Longhorns batting - Pitching for Indiana Hoosiers : RHP Matt Stevenson
Pitching: RHP Charles Piper
Batting: SHB Ron Taylor 0-0: Ball
1-0: Called Strike
1-1: Called Strike
1-2: Ball
2-2: Ball
3-2: Foul Ball, location: 2F
3-2: Base on Balls
Batting: RHB Eugene Salazar 0-0: Ball
1-0: Ball
2-0: Called Strike
2-1: Reached on error, E6 (Groundball, 6)
Ron Taylor to second
Batting: LHB Sam Haynes 0-0: Called Strike
0-1: Swinging Strike
0-2: Foul Ball, location: 2F
0-2: Strikes out looking
Batting: RHB Jeff Blanton 0-0: Ball
1-0: Swinging Strike
1-1: Foul Ball, location: 2F
1-2: Foul Ball, location: 2F
1-2: Fly out, F3 (Popup, 23F)
Batting: RHB Rich Henley 0-0: Swinging Strike
0-1: Foul Ball, location: 2F
0-2: Foul Ball, location: 2F
0-2: Strikes out looking
Bottom of the 6th over - 0 run(s), 0 hit(s), 1 error(s), 2 left on base; Indiana 2 - Texas 5
TOP OF THE 7TH
Indiana Hoosiers batting - Pitching for Texas Longhorns : RHP Thomas O'Connor
Batting: RHB Jaime Morán 0-0: Swinging Strike
0-1: Swinging Strike
0-2: Strikes out swinging
Batting: LHB Dave Joyner 0-0: Called Strike
0-1: Swinging Strike
0-2: Ball
1-2: Foul Ball, location: 2F
1-2: Ball
2-2: Ground out 5-3 (Groundball, 56S)
Batting: RHB Armando Bernard 0-0: Ball
1-0: Ball
2-0: Called Strike
2-1: Ball
3-1: Called Strike
3-2: Base on Balls
Batting: LHB Arturo Álvarez 0-0: Ball
1-0: Swinging Strike
1-1: Foul Ball, location: 2F
1-2: Ball
2-2: Strikes out swinging
Top of the 7th over - 0 run(s), 0 hit(s), 0 error(s), 1 left on base; Indiana 2 - Texas 5
BOTTOM OF THE 7TH
Texas Longhorns batting - Pitching for Indiana Hoosiers : RHP Charles Piper
Batting: LHB Gabriel Ortíz 0-0: Ground out 1-3 (Groundball, 23)
Batting: LHB Ernesto López 0-0: Called Strike
0-1: Foul Ball, location: 2F
0-2: SINGLE (Line Drive, 4M)
Batting: LHB Gerald Galloway 0-0: Grounds into double play, U4-3 (Groundball, 4)
Bottom of the 7th over - 0 run(s), 1 hit(s), 0 error(s), 0 left on base; Indiana 2 - Texas 5
TOP OF THE 8TH
Indiana Hoosiers batting - Pitching for Texas Longhorns : RHP Thomas O'Connor
Now at 1B: Jonathon Terry
Batting: RHB Tom McCoy 0-0: Called Strike
0-1: Ground out 3-1 (Groundball, 34)
Batting: LHB Randy Ortíz 0-0: Ball
1-0: Called Strike
1-1: Foul Ball, location: 2F
1-2: Ball
2-2: Foul Ball, location: 2F
2-2: Strikes out looking
Batting: RHB Gus Bryant 0-0: Ball
1-0: Ball
2-0: Foul Ball, location: 2F
2-1: Called Strike
2-2: Strikes out swinging
Top of the 8th over - 0 run(s), 0 hit(s), 0 error(s), 0 left on base; Indiana 2 - Texas 5
BOTTOM OF THE 8TH
Texas Longhorns batting - Pitching for Indiana Hoosiers : RHP Charles Piper
Pitching: RHP John Turner
Batting: LHB John Fitzgerald 0-0: Called Strike
0-1: Foul Ball, location: 2F
0-2: SINGLE (Line Drive, 78M)
Batting: SHB Ron Taylor 0-0: Ball
1-0: Ball
2-0: Foul Ball, location: 2F
2-1: Ball
3-1: Base on Balls
John Fitzgerald to second
Batting: RHB Eugene Salazar 0-0: Sac Bunt - play at third, runner OUT! 1-5
Ron Taylor to second
Batting: LHB Sam Haynes 0-0: Called Strike
0-1: Fielders Choice at 2nd, 5-4 (Groundball, 5)
Ron Taylor to third
Batting: RHB Jeff Blanton 0-0: Ball
1-0: Called Strike
1-1: 3-RUN HOME RUN (Flyball, 89XD), Distance : 379 ft
Pitching: RHP Jared Johnston
Batting: RHB Rich Henley 0-0: Ball
1-0: Foul Ball, location: 2F
1-1: Foul Ball, location: 2F
1-2: Strikes out swinging
Bottom of the 8th over - 3 run(s), 2 hit(s), 0 error(s), 0 left on base; Indiana 2 - Texas 8
TOP OF THE 9TH
Indiana Hoosiers batting - Pitching for Texas Longhorns : RHP Thomas O'Connor
Pitching: RHP Jorge Valenzuela
Batting: RHB Stephen Concepción 0-0: Ball
1-0: Called Strike
1-1: Ball
2-1: Swinging Strike
2-2: Strikes out swinging
Batting: RHB Wayne Carter 0-0: Foul Ball, location: 2F
0-1: SINGLE (Flyball, 9LS)
Batting: RHB Jaime Morán 0-0: Called Strike
0-1: Fly out, F9 (Flyball, 9S)
Batting: LHB Dave Joyner 0-0: Ball
1-0: Foul Ball, location: 2F
1-1: Foul Ball, location: 2F
1-2: Ball
2-2: Foul Ball, location: 2F
2-2: Strikes out looking
Top of the 9th over - 0 run(s), 1 hit(s), 0 error(s), 1 left on base; Indiana 2 - Texas 8
This league is powered by Out of the Park Baseball, the baseball management simulation game for PC, Mac and Linux
Saturday, April 9th, 2016 - OOTP Baseball 16.8 Build 38